 Dungeon Crawl Stone Soup version 0.28-a0-1613-gdaab1c2f9b (webtiles) character file.

Game seed: 3723268726584755515

328934 friend the Slayer (level 21, 205/205 HPs)
             Began as a Hill Orc Hunter on Oct 1, 2021.
             Was the Champion of Qazlal.
             Quit the game on level 1 of the Elven Halls on Jan 21, 2022.
             The game lasted 01:52:31 (56255 turns).

friend the Slayer (Hill Orc Hunter)                Turns: 56255, Time: 01:52:31

Health: 205/205    AC: 31    Str: 23    XL:     21   Next: 71%
Magic:  43/43      EV:  7    Int: 11    God:    Qazlal [******]
Gold:   947        SH: 39    Dex: 13    Spells: 20/20 levels left

rFire   . . .      SeeInvis .   b - +8 broad axe (freeze)
rCold   . . .      Faith    +   m - +18 shield of the Gong {rElec rN+ Will+ EV-5}
rNeg    + . .      Spirit   .   i - +8 chain mail "Geiffoys" {MP+9}
rPois   .          Reflect  .   U - +1 helmet
rElec   +          Harm     .   A - +0 cloak
rCorr   .          Rampage  .   (no gloves)
Will    +++..                   L - +2 pair of boots
Stlth   ..........              Z - amulet of faith
HPRegen 0.44/turn               O - +4 ring of slaying
MPRegen 0.28/turn               G - ring of willpower

@: repel missiles
A: no striking features
}: 2/15 runes: serpentine, barnacled
a: Renounce Religion, Upheaval, Elemental Force, Disaster Area


You were on level 1 of the Elven Halls.
You worshipped Qazlal.
Qazlal was exalted by your worship.
You visited 8 branches of the dungeon, and saw 36 of its levels.
You also visited: Sewer.

You collected 5225 gold pieces.
You spent 4278 gold pieces at shops.

Inventory:

Hand Weapons
 b - a +8 broad axe of freezing (weapon)
Missiles
 c - 32 boomerangs (quivered)
 f - 6 curare-tipped darts
 w - 13 javelins
 x - 6 throwing nets
Armour
 i - the +8 chain mail "Geiffoys" (worn) {MP+9}
   (You bought it in a shop on level 4 of the Vaults)

   MP:        It affects your magic capacity (+9).
 m - the +18 shield of the Gong (worn) {rElec rN+ Will+ EV-5}
   (You bought it in a shop on level 10 of the Dungeon)

   It is deafeningly noisy when blocking attacks.
   EV:        It affects your evasion (-5).
   rElec:     It insulates you from electricity.
   rN:        It protects you from negative energy.
   Will:      It increases your willpower.
 A - a +0 cloak (worn)
 L - a +2 pair of boots (worn)
 U - a +1 helmet (worn)
Jewellery
 C - a ring of resist corrosion
 F - a ring of protection from fire
 G - a ring of willpower (right hand)
 O - a +4 ring of slaying (left hand)
 P - a ring of poison resistance
 Q - a ring of flight
 W - a +4 ring of protection
 X - an amulet of guardian spirit
 Z - an amulet of faith (around neck)
Wands
 k - a wand of polymorph (30)
 p - a wand of mindburst (8)
 r - a wand of paralysis (27)
 D - a wand of iceblast (17)
 J - a wand of flame (137)
 T - a wand of charming (8)
Scrolls
 a - 2 scrolls of silence
 g - 4 scrolls of fear
 o - 2 scrolls of holy word
 t - 14 scrolls of teleportation
 y - a scroll of brand weapon
 B - 2 scrolls of blinking
 E - 9 scrolls of enchant armour
 K - 6 scrolls of magic mapping
 M - 2 scrolls of immolation
 N - 5 scrolls of fog
Potions
 d - 7 potions of might
 e - 6 potions of mutation
 h - 4 potions of haste
 j - 3 potions of attraction
 l - 7 potions of heal wounds
 n - 2 potions of resistance
 q - 5 potions of curing
 s - 3 potions of berserk rage
 u - 4 potions of cancellation
 z - 7 potions of flight
 I - 2 potions of ambrosia
 R - a potion of magic
 V - 2 potions of invisibility
Miscellaneous
 v - a condenser vane
 H - a tin of tremorstones (2/2)
 S - a phial of floods


   Skills:
 + Level 21.6 Fighting
 - Level 19.6(20.0) Axes
 - Level 5.0(12.0) Maces & Flails
 - Level 8.0 Crossbows
 + Level 18.7 Armour
 - Level 10.0 Dodging
 - Level 0.7 Stealth
 - Level 15.0 Shields
 - Level 19.0 Invocations
 - Level 9.0 Evocations


You had 20 spell levels left.
You didn't know any spells.
Your spell library contained the following spells:

 Spells                   Type           Power      Damage    Failure   Level
 Apportation              Tloc           0%         N/A       93%         1
 Beastly Appendage        Tmut           0%         N/A       93%         1
 Sandblast                Erth           0%         2d4       93%         1
 Sting                    Tmut/Pois      0%         1d3       93%         1
 Corpse Rot               Necr/Air       0%         N/A       98%         2
 Passwall                 Tmut/Erth      0%         N/A       98%         2
 Poisonous Vapours        Pois/Air       0%         N/A       98%         2
 Static Discharge         Conj/Air       0%         N/A       98%         2
 Wereblood                Tmut           0%         N/A       98%         2
 Spider Form              Tmut/Pois      0%         N/A       100%        3
 Stone Arrow              Conj/Erth      0%         3d7       100%        3
 Swiftness                Air            0%         N/A       100%        3
 Airstrike                Air            0%         N/A       100%        4
 Dispel Undead            Necr           0%         3d6       100%        4
 Ice Form                 Ice/Tmut       0%         N/A       100%        4
 Olgreb's Toxic Radiance  Pois           0%         N/A       100%        4
 Passage of Golubria      Tloc           0%         N/A       100%        4
 Petrify                  Tmut/Erth      0%         N/A       100%        4
 Summon Lightning Spire   Summ/Air       0%         N/A       100%        4
 Alistair's Intoxication  Tmut/Pois      0%         N/A       100%        5
 Freezing Cloud           Conj/Ice/Air   0%         6-21      100%        5
 Iskenderun's Battlesphe  Conj           0%         2d6       100%        5
 Lightning Bolt           Conj/Air       0%         1d11      100%        5
 Metabolic Englaciation   Hex/Ice        0%         N/A       100%        5
 Silence                  Hex/Air        0%         N/A       100%        5
 Death Channel            Necr           0%         N/A       100%        6
 Invisibility             Hex            0%         N/A       100%        6
 Iron Shot                Conj/Erth      0%         9d1       100%        6
 Simulacrum               Ice/Necr       0%         N/A       100%        6
 Statue Form              Tmut/Erth      0%         N/A       100%        6
 Malign Gateway           Summ/Tloc      0%         N/A       100%        7
 Spellforged Servitor     Conj/Summ      0%         N/A       100%        7
 Lehudib's Crystal Spear  Conj/Erth      0%         10d2      100%        8
 Maxwell's Capacitive Co  Air            0%         ∞         100%        8
 Summon Horrible Things   Summ           0%         N/A       100%        8
 Chain Lightning          Conj/Air       0%         N/A       100%        9
 Fire Storm               Conj/Fire      0%         5d1       100%        9
 Polar Vortex             Ice            0%         N/A       100%        9
 Shatter                  Erth           0%         3d5*      100%        9


Dungeon Overview and Level Annotations

Branches:
Dungeon (14/15)            Temple (1/1) D:7            Lair (6/6) D:11
 Shoals (4/4) Lair:3        Snake (4/4) Lair:4        Slime (0/5) Lair:5
    Orc (2/2) D:9             Elf (1/3) Orc:2        Vaults (4/5) D:14
  Crypt (0/3) Vaults:3      Sewer (visited)

Altars:
Ashenzari
Cheibriados
Dithmenos
Elyvilon
Fedhas
Gozag
Hepliaklqana
Kikubaaqudgha
Makhleb
Nemelex Xobeh
Okawaru
Qazlal
Ru
Sif Muna
Trog
Uskayaw
Vehumet
Wu Jian
Xom
Yredelemnul
Zin
The Shining One
Beogh

Shops:
D:10 *   Orc:2 **:[*?   Shoals:2 !   Snake:1 (   Vaults:3 !   Vaults:4 ![*?

Portals:
Hell: Lair:6
Pandemonium: Orc:2

Annotations:
D:6 1 runed translucent door, Crazy Yiuf
D:9 exclusion: 2 oklob saplings
Lair:2 exclusion: oklob plant
Lair:6 3 runed translucent doors, Gujan's ghost, journeyman MiBe
Shoals:1 Roxanne
Snake:3 exclusion: oklob plant
Vaults:3 2 transporters


Message History

You open the door. You open the door.
There is an open door here.
Things that are here:
a +0 dagger; a +4 scimitar of flaming
Items here: ( )) [.
You open the door.
There is an open door, spattered with blood here.
Things that are here:
a scroll of identify; a +0 leather armour
There is an open door here.
You see here 15 stones.
J - a wand of flame (137) (gained 29 charges)
You open the door.
There is an open door here.
Found a stone staircase leading down.
There is an open door here.
There is an open door here.
You open the door.
There is an open door here.
There is an open door here.
There is an open door here.
There is an open door here.
There is a large open door here.
There is a large open door here.
There is a large open door here.
There is a large open door here.
There is an open door here.
There is an open door here.
There is an open door here.
Done exploring.
Done exploring.
Done exploring.
Done exploring.
Done exploring.
Welcome back, friend the Hill Orc Hunter.
Qazlal says: Let the forces of nature tear it all down!
Saving game... please wait.
Welcome back, friend the Hill Orc Hunter.
Qazlal says: Let the forces of nature tear it all down!

################
##....°..○.#....##
##........@.......##
#.....°°...○.......##
#.....§.§..§........#######
#......!.............##....
##................>..'....#
##.................###.###
##..............(## #.# #
##.............## #.# #
#'###########'# #.# #


There were no monsters in sight!

Vanquished Creatures
  Rupert (Lair:3)
  A titan (Vaults:2)
  An ancient champion (Vaults:2)
  6 sphinxes
  Gastronok (Lair:3)
  An eldritch tentacle (Vaults:3)
  Polyphemus (Shoals:3)
  A kraken (Shoals:3)
  Agnes (Snake:2)
  7 nagarajas
  2 fire giants
  Ilsuiw (Shoals:2)
  A deep elf sorcerer (Elf:1)
  Donald (Vaults:3)
  3 orc warlords
  6 vault wardens
  Aizul (Snake:1)
  A ghoul (Vaults:3)
  A war gargoyle (Vaults:2)
  3 very ugly things (Vaults:3)
  16 ironbound preservers
  An entropy weaver (Vaults:2)
  2 minotaurs (Shoals:4)
  Azrael (Elf:1)
  9 dire elephants
  An ettin (Vaults:1)
  A deep elf death mage (Vaults:3)
  A crystal guardian (Vaults:3)
  6 merfolk impalers
  3 great orbs of eyes
  A deep elf high priest (Elf:1)
  Josephine (Lair:4)
  16 naga warriors
  8 yaktaur captains
  5 ironbound thunderhulks
  12 hydras
  3 boulder beetles
  10 vault guards
  2 salamander tyrants (Snake:3)
  2 peacekeepers
  2 catoblepae
  2 merfolk avatars
  4 centaur warriors
  7 ironbound frosthearts
  3 alligator snapping turtles (Shoals:4)
  A dancing weapon (Elf:1)
  3 merfolk aquamancers
  6 two-headed ogres
  8 anacondas
  13 death yaks
  13 satyrs
  3 tengu warriors
  15 naga sharpshooters
  A sun demon (Lair:6)
  10 orc high priests
  A soul eater (Orc:2)
  5 deep elf knights (Elf:1)
  Nergalle (Lair:2)
  11 shock serpents
  A titan skeleton (Vaults:3)
  10 sea snakes
  8 salamander mystics
  A flayed ghost (Vaults:3)
  An entropy weaver zombie (Vaults:3)
  49 deep trolls
  A removed gelid demonspawn (Orc:2)
  2 removed infernal demonspawn (Orc:2)
  13 deep elf pyromancers
  13 naga ritualists
  6 deep elf archers (Elf:1)
  8 orc knights
  2 necromancers
  15 ironbound convokers
  14 lindwurms
  10 deep elf zephyrmancers (Elf:1)
  8 wizards
  20 harpies
  7 cyclopes
  11 mana vipers
  6 orc sorcerers
  9 fauns
  18 salamanders
  18 manticores
  23 ugly things
  A fire giant zombie (Vaults:3)
  11 merfolk sirens
  10 guardian serpents
  Maurice (D:11)
  14 elephants
  12 naga magi
  A fire giant skeleton (Vaults:2)
  31 black mambas
  6 gargoyles
  17 vault sentinels
  3 water nymphs
  A smoke demon (Lair:6)
  5 rime drakes
  A torpor snail (shapeshifter) (Elf:1)
  Maggie (D:7)
  5 orange demons
  11 cane toads
  2 efreet
  A rime drake (shapeshifter) (D:13)
  22 yaktaurs
  11 komodo dragons
  A freezing wraith (Vaults:3)
  A hellwing (Orc:2)
  7 trolls
  2 ice devils
  An elf skeleton (Vaults:3)
  A tengu conjurer (D:14)
  24 merfolk
  2 polar bears
  4 wind drakes
  10 blink frogs
  A jumping spider (Vaults:2)
  2 hornets
  7 dream sheep (Shoals:3)
  5 snapping turtles
  2 elf zombies
  A redback (Vaults:2)
  44 slime creatures
  2 shadows
  Sigmund (D:5)
  A vampire (D:11)
  13 water elementals
  An air elemental (Elf:1)
  A tarantella (Vaults:2)
  4 wraiths
  37 yaks
  2 fire elementals (Elf:1)
  3 wyverns
  Grum (D:8)
  3 basilisks
  A human simulacrum (Vaults:2)
  8 vampire mosquitoes
  2 steam dragons
  43 nagas
  2 acid dragons
  7 hell hounds
  3 wargs
  23 water moccasins
  Pargi (Sewer)
  2 ice beasts
  53 orc warriors
  A human zombie (Vaults:2)
  4 black bears
  3 necrophages
  A hornet zombie (D:7)
  7 ogres
  The ghost of sleeves the Slasher, an amateur DsFi of Uskayaw (D:4)
  6 wolves
  4 boggarts (Vaults:2)
  13 centaurs
  2 kobold brigands
  A phantom (D:6)
  19 bullfrogs
  2 gnoll sergeants
  5 scorpions
  A wyvern zombie (D:7)
  A water moccasin skeleton (D:5)
  16 killer bees
  10 wights
  3 electric eels
  2 vampire bats (D:5)
  A bullfrog zombie (D:6)
  4 centaur zombies
  3 quasits (D:4)
  3 hounds
  5 jellies
  A centaur skeleton (D:5)
  34 orc priests
  An iguana (D:6)
  2 gnoll shamans
  23 orc wizards
  2 hell rats (Lair:6)
  A killer bee zombie (D:7)
  2 hound zombies (D:5)
  2 howler monkey zombies
  20 gnolls
  16 adders
  7 river rats (Lair:6)
  2 white imps
  2 adder zombies (D:5)
  5 worms
  2 dart slugs
  72 orcs
  8 bats
  3 bat skeletons (D:5)
  4 bat zombies (D:5)
  5 endoplasms
  4 giant cockroaches
  9 hobgoblins
  10 jackals
  5 quokkas
  12 ball pythons
  2 frilled lizards (D:2)
  12 goblins
  16 kobolds
  4 rats
  6 tentacles (Shoals:3)
1433 creatures vanquished.

Vanquished Creatures (others)
  A hydra (Lair:5)
  A basilisk (Lair:5)
  3 yaks (Lair:5)
  A water moccasin (Lair:5)
  A hell hound (Elf:1)
  A bullfrog (Lair:5)
  An orc wizard (Orc:2)
  77 fungi
  159 plants
  5 tentacles (Shoals:3)
250 creatures vanquished.

Grand Total: 1683 creatures vanquished

Notes
Turn   | Place    | Note
-------+----------+-------------------------------------------
     0 | D:1      | friend the Hill Orc Hunter began the quest for the Orb.
     0 | D:1      | Reached XP level 1. HP: 18/18 MP: 1/1
   289 | D:1      | Reached XP level 2. HP: 22/25 MP: 2/2
   366 | D:1      | Reached skill level 3 in Fighting
   837 | D:1      | Reached XP level 3. HP: 28/31 MP: 3/3
   973 | D:2      | Noticed a necrophage
   982 | D:2      | Killed a necrophage
   983 | D:2      | Reached skill level 5 in Fighting
   983 | D:2      | Reached XP level 4. HP: 33/42 MP: 4/4
   983 | D:2      | Reached XP level 5. HP: 39/49 MP: 5/5
  1283 | D:2      | Reached skill level 6 in Fighting
  1877 | D:2      | Found a faded altar of an unknown god.
  2704 | D:3      | Noticed an ice beast
  2716 | D:3      | Killed an ice beast
  2717 | D:3      | Reached skill level 5 in Crossbows
  2717 | D:3      | Reached XP level 6. HP: 39/58 MP: 6/6
  3421 | D:4      | Reached skill level 7 in Fighting
  3494 | D:4      | Reached skill level 8 in Fighting
  3494 | D:4      | Reached XP level 7. HP: 68/68 MP: 7/7
  3513 | D:4      | Reached skill level 1 in Evocations
  3664 | D:4      | Found a transporter.
  3707 | D:4      | Noticed sleeves's ghost (amateur DsFi)
  3743 | D:4      | Found a transporter.
  3935 | D:4      | Found a shadowy altar of Dithmenos.
  4080 | D:5      | Entered Level 5 of the Dungeon
  4315 | D:5      | Reached skill level 9 in Fighting
  4452 | D:5      | Reached XP level 8. HP: 69/78 MP: 8/8
  4702 | D:5      | Reached skill level 10 in Fighting
  4994 | D:5      | Found a snail-covered altar of Cheibriados.
  5099 | D:5      | Noticed Sigmund
  5537 | D:6      | Found a white marble altar of Elyvilon.
  5617 | D:6      | Reached skill level 1 in Maces & Flails
  5717 | D:6      | Found a glowing drain.
  5861 | Sewer    | Entered a sewer
  5948 | Sewer    | Noticed Purgy
  5976 | Sewer    | Killed Purgy
  6158 | D:6      | Reached skill level 5 in Maces & Flails
  6173 | D:6      | Reached XP level 9. HP: 85/85 MP: 9/9
  6213 | D:6      | Noticed a gargoyle
  6230 | D:6      | Killed a gargoyle
  6737 | D:6      | Found a runed translucent door.
  6738 | D:6      | Noticed Crazy Yiuf
  6983 | D:7      | Found a blossoming altar of Fedhas.
  7052 | D:7      | Noticed Maggie
  7090 | D:7      | Killed Maggie
  7602 | D:7      | Noticed a cyclops
  7630 | D:7      | Reached skill level 11 in Fighting
  7959 | D:7      | Found a staircase to the Ecumenical Temple.
  7963 | Temple   | Entered the Ecumenical Temple
  8129 | Temple   | Became a worshipper of Qazlal Stormbringer
  8183 | D:7      | Killed a cyclops
  8184 | D:7      | Reached skill level 12 in Fighting
  8184 | D:7      | Reached XP level 10. HP: 97/97 MP: 10/10
  8699 | D:8      | Reached skill level 5 in Axes
  9142 | D:8      | Noticed Grum
  9177 | D:8      | Killed Grum
  9785 | D:8      | Noticed a two-headed ogre
 10095 | D:8      | Killed a two-headed ogre
 10884 | D:9      | Reached skill level 10 in Axes
 10919 | D:9      | Reached * piety under Qazlal
 11236 | D:9      | Reached XP level 11. HP: 94/104 MP: 11/11
 11370 | D:9      | Got the Almanac of Nature
 11978 | D:9      | Found a staircase to the Orcish Mines.
 12025 | D:9      | Found a shimmering blue altar of Sif Muna.
 12142 | D:10     | Entered Level 10 of the Dungeon
 12272 | D:10     | Found Jellent's General Store.
 12278 | D:10     | Bought a potion of haste for 120 gold pieces
 12295 | D:10     | Paralysed by a hornet for 3 turns
 12300 | D:10     | Reached ** piety under Qazlal
 12575 | D:10     | Noticed a two-headed ogre
 12628 | D:10     | Killed a two-headed ogre
 13025 | D:10     | Reached skill level 5 in Invocations
 13049 | D:10     | Identified the +0 leather armour of Pan-Flutes {Str+3
                  | Dex-4}
 13304 | D:11     | Noticed a red ugly thing
 13437 | D:11     | Noticed Maurice
 13472 | D:11     | Killed a red ugly thing
 13484 | D:11     | Reached *** piety under Qazlal
 13544 | D:11     | Found a staircase to the Lair.
 13675 | D:11     | Reached skill level 15 in Axes
 13675 | D:11     | Reached XP level 12. HP: 112/112 MP: 18/18
 13719 | D:11     | Noticed a two-headed ogre
 13732 | D:11     | Killed a two-headed ogre
 13792 | D:11     | Noticed a two-headed ogre
 13810 | D:11     | Killed a two-headed ogre
 13832 | D:11     | Noticed a six-headed hydra
 13972 | D:11     | Killed a six-headed hydra
 14462 | D:11     | Killed Maurice
 14513 | Lair:1   | Entered Level 1 of the Lair of Beasts
 14574 | Lair:1   | Reached skill level 13 in Fighting
 15029 | Lair:1   | Noticed a four-headed hydra
 15047 | Lair:1   | Killed a four-headed hydra
 15048 | Lair:1   | Reached skill level 14 in Fighting
 15194 | Lair:1   | Noticed a seven-headed hydra
 15212 | Lair:1   | Killed a seven-headed hydra
 15598 | Lair:2   | Reached skill level 10 in Invocations
 15785 | Lair:2   | Noticed an eight-headed hydra
 15788 | Lair:2   | Killed an eight-headed hydra
 15880 | Lair:2   | Noticed Nergalle
 15888 | Lair:2   | Killed Nergalle
 15976 | Lair:2   | Reached XP level 13. HP: 105/124 MP: 20/20
 16913 | Lair:3   | Reached skill level 1 in Armour
 17043 | Lair:3   | Noticed Gastronok
 17060 | Lair:3   | Killed Gastronok
 17061 | Lair:3   | Reached skill level 15 in Fighting
 17251 | Lair:3   | Reached skill level 5 in Armour
 17475 | Lair:3   | Noticed Rupert
 17598 | Lair:4   | Found a staircase to the Snake Pit.
 18320 | Lair:4   | Reached XP level 14. HP: 53/135 MP: 17/21
 18768 | Lair:4   | Noticed Josephine
 18776 | Lair:4   | Killed Josephine
 19012 | Lair:5   | Found a staircase to the Slime Pits.
 19075 | Lair:5   | Reached skill level 10 in Armour
 20525 | Lair:6   | Entered Level 6 of the Lair of Beasts
 21744 | Lair:6   | Identified a scroll of acquirement
 21744 | Lair:6   | Acquired 1002 gold pieces
 22131 | Lair:6   | Found the +6 Majin-Bo {vamp, MP+6 Int+6}
 22314 | Lair:6   | Found a runed translucent gate.
 22315 | Lair:6   | Found a runed translucent gate.
 22316 | Lair:6   | Found a runed translucent gate.
 22318 | Lair:6   | Noticed Gujan's ghost (journeyman MiBe)
 22794 | Lair:6   | Found a burning altar of Makhleb.
 23311 | Lair:6   | Found a gateway to Hell.
 23445 | Lair:3   | Killed Rupert
 23589 | Lair:3   | Found a staircase to the Shoals.
 23692 | Lair:3   | Reached skill level 16 in Fighting
 24479 | D:12     | Reached XP level 15. HP: 133/144 MP: 22/22
 24751 | D:12     | Noticed Sonja
 24752 | D:12     | Noticed Sonja
 24752 | D:12     | Sonja changed into Sonja the centaur
 24760 | D:12     | Killed Sonja the centaur
 26507 | D:14     | Found a gate to the Vaults.
 26824 | D:10     | Bought the +18 shield of the Gong {rElec rN+ Will+ EV-5}
                  | for 1167 gold pieces
 26824 | D:10     | Found the +18 shield of the Gong {rElec rN+ Will+ EV-5}
 26987 | D:14     | Reached skill level 1 in Shields
 27014 | D:14     | HP: 7/146 [tengu warrior/arrow[a tengu conjurer] (20)]
 27459 | D:14     | Reached skill level 17 in Fighting
 27833 | D:14     | Found a sparkling altar of Nemelex Xobeh.
 28061 | D:14     | Noticed an orc warlord
 28070 | D:14     | Killed an orc warlord
 28071 | D:14     | Reached skill level 5 in Shields
 28256 | D:14     | Found a roughly hewn altar of Beogh.
 28992 | D:4      | Reached **** piety under Qazlal
 28998 | D:4      | Killed sleeves's ghost
 29170 | D:5      | Found an ancient bone altar of Kikubaaqudgha.
 29238 | D:5      | Killed Sigmund
 29352 | Orc:1    | Entered Level 1 of the Orcish Mines
 29422 | Orc:1    | Reached ***** piety under Qazlal
 29772 | Orc:2    | Entered Level 2 of the Orcish Mines
 29772 | Orc:2    | Noticed an orc warlord
 29790 | Orc:2    | Killed an orc warlord
 30111 | Orc:2    | Found Ukkioc's Specific Store.
 30114 | Orc:2    | Found Jiriag's General Store.
 30118 | Orc:2    | Bought a scroll of blinking for 90 gold pieces
 30118 | Orc:2    | Bought a potion of might for 48 gold pieces
 30218 | Orc:2    | Reached XP level 16. HP: 109/155 MP: 23/23
 30419 | Orc:2    | Found Jamusiucs's Magic Scroll Shop.
 30423 | Orc:2    | Found Peaheotu's General Store.
 30766 | Orc:2    | Found a staircase to the Elven Halls.
 30827 | Orc:2    | Bought a scroll of magic mapping for 45 gold pieces
 30829 | Orc:2    | Bought a scroll of enchant armour for 135 gold pieces
 30829 | Orc:2    | Bought 3 scrolls of magic mapping for 189 gold pieces
 30922 | Orc:2    | Reached skill level 10 in Shields
 31337 | Orc:2    | Reached ****** piety under Qazlal
 31677 | Orc:2    | Found Kyikeakam's Book Shoppe.
 31677 | Orc:2    | Found Giphozxusie's Antique Armour Emporium.
 31678 | Orc:2    | Found a one-way gate leading to the halls of Pandemonium.
 31682 | Orc:2    | Bought a shiny helmet for 262 gold pieces
 31890 | Orc:2    | Bought a ring of poison resistance for 240 gold pieces
 32373 | Snake:1  | Entered Level 1 of the Snake Pit
 33589 | Snake:1  | Found Ratt's Antique Weapon Shoppe.
 34060 | Snake:2  | Noticed Agnes
 34070 | Snake:2  | Killed Agnes
 34071 | Snake:2  | Reached skill level 18 in Fighting
 34085 | Snake:2  | Noticed Aizul
 34106 | Snake:1  | Killed Aizul
 34818 | Snake:2  | Noticed a nagaraja
 34835 | Snake:2  | Killed a nagaraja
 35639 | Snake:3  | Reached XP level 17. HP: 143/163 MP: 26/26
 36433 | Snake:3  | Found a white marble altar of Elyvilon.
 36488 | Snake:3  | Found a basalt altar of Yredelemnul.
 37306 | Snake:4  | Entered Level 4 of the Snake Pit
 37319 | Snake:4  | Reached skill level 15 in Invocations
 37585 | Snake:4  | Reached skill level 5 in Dodging
 39183 | Snake:4  | Reached XP level 18. HP: 172/172 MP: 29/29
 39195 | Snake:4  | Reached skill level 15 in Armour
 39341 | Snake:4  | Got a serpentine rune of Zot
 40485 | Shoals:1 | Entered Level 1 of the Shoals
 41103 | Shoals:1 | Identified Roxanne's Volume of the Bard
 41103 | Shoals:1 | Noticed Roxanne
 41833 | Shoals:2 | Noticed Ilsuiw
 41847 | Shoals:2 | Reached skill level 19 in Fighting
 41859 | Shoals:2 | Killed Ilsuiw
 42412 | Shoals:2 | Found Xaureeh's Distillery.
 42422 | Shoals:2 | Bought a potion of mutation for 128 gold pieces
 42422 | Shoals:2 | Bought a potion of cancellation for 128 gold pieces
 42422 | Shoals:2 | Bought a potion of heal wounds for 80 gold pieces
 42422 | Shoals:2 | Bought a potion of heal wounds for 80 gold pieces
 42422 | Shoals:2 | Bought a potion of resistance for 160 gold pieces
 42422 | Shoals:2 | Bought a potion of heal wounds for 80 gold pieces
 42532 | Shoals:3 | Noticed Polyphemus
 42536 | Shoals:3 | Killed Polyphemus
 42977 | Shoals:3 | Reached skill level 20 in Fighting
 44105 | Shoals:3 | Saving game... please wait.
 44105 | Shoals:3 | Upgraded the game from 0.28-a0-563-gf77a47075d to
                  | 0.28-a0-580-ga2639ab843
 44132 | Shoals:4 | Entered Level 4 of the Shoals
 44356 | Shoals:4 | Reached XP level 19. HP: 185/185 MP: 30/30
 44618 | Shoals:4 | Paralysed by a sphinx for 2 turns
 45842 | Shoals:4 | Got a barnacled rune of Zot
 45950 | Shoals:4 | Got the Handbook of Freezing Transformation
 46565 | Vaults:1 | Entered Level 1 of the Vaults
 46840 | Vaults:1 | Reached skill level 10 in Dodging
 47884 | Vaults:1 | You fall into a shaft and drop 1 floor!
 47969 | Vaults:2 | Reached XP level 20. HP: 176/193 MP: 32/32
 48140 | Vaults:1 | Reached skill level 15 in Shields
 50187 | Vaults:3 | Reached skill level 5 in Evocations
 51105 | Vaults:3 | Found a staircase to the Crypt.
 51872 | Vaults:3 | Found Cedghub's Distillery.
 51881 | Vaults:3 | Bought a potion of resistance for 190 gold pieces
 51881 | Vaults:3 | Bought a potion of mutation for 152 gold pieces
 51910 | Vaults:3 | Noticed Donald
 51919 | Vaults:3 | Killed Donald
 52214 | Vaults:3 | Found a transporter.
 52254 | Vaults:3 | Found a transporter.
 53033 | Vaults:4 | Reached XP level 21. HP: 160/201 MP: 34/34
 53345 | Vaults:4 | Found Qiqa's Magic Scroll Boutique.
 53353 | Vaults:4 | Bought a scroll of enchant armour for 112 gold pieces
 53622 | Vaults:4 | Found Qelur's Assorted Antiques.
 53630 | Vaults:4 | Bought a potion of heal wounds for 160 gold pieces
 53630 | Vaults:4 | Bought a fine chain mail for 304 gold pieces
 53630 | Vaults:4 | Identified the +8 chain mail "Geiffoys" {MP+9} (You bought
                  | it in a shop on level 4 of the Vaults)
 53801 | Vaults:4 | Found Duot's Armour Emporium.
 53835 | Vaults:4 | Found Haviph's Distillery.
 53864 | Vaults:4 | Bought a potion of haste for 120 gold pieces
 53864 | Vaults:4 | Bought a potion of haste for 120 gold pieces
 53864 | Vaults:4 | Bought a potion of heal wounds for 60 gold pieces
 53864 | Vaults:4 | Bought a potion of might for 48 gold pieces
 53864 | Vaults:4 | Bought a potion of heal wounds for 60 gold pieces
 53967 | Vaults:4 | Identified the +5 dagger of Vuri {freeze, +Blink rF- rCorr
                  | Str+5}
 53988 | Vaults:4 | Reached skill level 21 in Fighting
 54947 | Elf:1    | Entered Level 1 of the Elven Halls
 54960 | Elf:1    | Paralysed by an air elemental for 1 turns
 55355 | Elf:1    | Noticed Azrael
 55364 | Elf:1    | Killed Azrael
 56255 | Elf:1    | Upgraded the game from 0.28-a0-580-ga2639ab843 to
                  | 0.28-a0-919-g0b5b508569
 56255 | Elf:1    | Saving game... please wait.
 56255 | Elf:1    | Upgraded the game from 0.28-a0-919-g0b5b508569 to
                  | 0.28-a0-1613-gdaab1c2f9b
 56255 | Elf:1    | Quit the game

Illustrated notes

Levels and vault maps discovered:
D:1:      nicolae_arrival_washed_ashore, layout_rooms, minmay_pentomino_q2
D:2:      cheibrodos_helix_gallery, layout_basic,
          shapermc_ecumenical_altar_notcrosses
D:3:      layout_loops_ring
D:4:      layout_cave_pools, nicolae_dithmenos_the_darkroom,
          gammafunk_ghost_stat_death, minmay_misc_feat_diagonals,
          bh_walls_and_bars
D:5:      corexii_shack_village, layout_rooms,
          mainiacjoe_overflow_six_doors_small, kennysheep_vampire_church,
          minivault_24, uniq_sigmund
D:6:      layout_basic, mainiacjoe_overflow_catwalk,
          cheibrodos_sewer_entry_bend, hangedman_decor_clover_reticule,
          kennysheep_dice, uniq_crazy_yiuf_cottage
D:7:      layout_cave_pools, fedhas_altar_1, minmay_temple_entry_trees,
          uniq_maggie
D:8:      layout_cave_pools, uniq_grum
D:9:      layout_basic, led_sif_pool, orc_0_dummy, introduction_to_nature_2
D:10:     cheibrodos_statue_roulette, layout_loops_cross, serial_shops,
          kennysheep_little_box, kennysheep_big_empty_room
D:11:     layout_basic, due_lair_maze_entry_diamond, minivault_27, uniq_maurice
D:12:     layout_stronghold, uniq_sonja
D:13:     layout_rooms
D:14:     orc_temple, layout_small_grid, lightli_vaults_fourway_checkpoint,
          chequers_mini_garden, nemelex_xobeh_ov_fountains_minmay
Temple:   eino_temple_scatter_basement
Lair:1:   layout_long_grid, beast_lair_carwin_8, infiniplex_staircase_pool,
          grunt_megastairs_5
Lair:2:   layout_loops_ring, grunt_forest_small_clearings,
          minmay_lair_oklob_bushes, lemuel_fruit_tree, grunt_megastairs_1,
          uniq_nergalle
Lair:3:   layout_loops_ring, minmay_shoals_entry_lonely_mermaid,
          lemuel_old_faithful, uniq_rupert, uniq_gastronok
Lair:4:   layout_gridlike, minmay_snake_entry_six_corridors, uniq_josephine
Lair:5:   layout_cave_shapes, nicolae_slime_entry_slimehenge,
          beast_lair_carwin_5, serial_bayou_shore_a
Lair:6:   evil_forest, layout_regular_city, gammafunk_ghost_hydra_chop,
          lookout_lair_type, kennysheep_rathole
Shoals:1: layout_shoals, nicolae_shoals_circle_sea_wall, uniq_roxanne
Shoals:2: layout_shoals, serial_shops, shop, centaur_isle, uniq_ilsuiw
Shoals:3: layout_shoals, uniq_polyphemus
Shoals:4: shoals_end_hellmonk_lost_city
Snake:1:  layout_chambers, serial_shops, shop
Snake:2:  layout_chambers, uniq_aizul, uniq_agnes
Snake:3:  layout_layer_cave, basic_altar, lemuel_oklob_altar
Snake:4:  johnstein_snake_rune_scales, layout_layer_cave,
          nicolae_snake_snakes_in_the_grass
Orc:1:    layout_diamond_mine, minmay_orc_keep
Orc:2:    pf_orc_diabolical, layout_diamond_mine, special_room,
          nicolae_specific_store
Elf:1:    minmay_elf_arrival_summoners, layout_gridlike,
          hangedman_elf_represent, uniq_azrael
Vaults:1: nicolae_vaults_little_squares_6, vaults_mumra_minichess,
          vaults_standard_mumra_enter_the_diamond, vaults_room_door_ring,
          v_misc_28, nicolae_vaults_specimen_jars, hangedman_vaults_locks,
          hangedman_vaults_restitches, vaults_room_hallway,
          vaults_room_grunt_arrival_checkpoint, st_more_cells,
          layout_vaults_omnigrid
Vaults:2: v_rooms_3, v_rooms_4, nicolae_vaults_asterisk, vaults_dpeg_doors,
          nicolae_vaults_diagonal_hallway_6, nicolae_vaults_network_barrier,
          grunt_vaults_swirl, v_misc_19, nicolae_vaults_fighting_squares,
          v_misc_11, hangedman_vaults_river_flow, hangedman_vaults_impose,
          vaults_mumra_chevron, nicolae_vaults_circle_grid_a,
          ontoclasm_vaults_idyll, v_misc_13, layout_vaults_maze
Vaults:3: minmay_crypt_entry_simple_sparse, gammafunk_its_a_trap,
          vaults_dpeg_spiral, ontoclasm_vaults_loading_screen,
          vaults_room_semicircle, vaults_room_fancy_cross, ontoclasm_vaults_eye,
          vaults_mumra_lcd, v_misc_18, grunt_vaults_hallway_short,
          v_alt_pattern_3, nicolae_vaults_theta, layout_vaults_omnibox,
          serial_shops, nicolae_diamond_shop, uniq_donald
Vaults:4: nicolae_vaults_big_ls, hangedman_vaults_corner,
          nicolae_vaults_shelves_hall, v_misc_13, st_diamondy,
          hangedman_vaults_trim, v_alt_pattern_4, vaults_room_boxed,
          ontoclasm_vaults_ring_square, vaults_dpeg_hooks, v_misc_12,
          vaults_dpeg_diagonal, nicolae_vaults_little_squares_6,
          layout_vaults_big_cross, serial_shops, shop, nicolae_diamond_shop,
          nicolae_shop_trees, shop_statue

Skill      XL: |  1  2  3  4  5  6  7  8  9 10 11 12 13 14 15 16 17 18 19 20 21 |
---------------+----------------------------------------------------------------+-----
Fighting       | 3 5 6 8 9 10 12 14 15 16 17 18 20 21 | 21.6
Crossbows      | 4 5 6 8 |  8.0
Evocations     | 2 9 |  9.0
Maces & Flails | 5 |  5.0
Axes           | 2 11 15 17 18 19 | 19.6
Invocations    | 8 10 13 15 16 19 | 19.0
Armour         | 9 12 13 14 15 17 18 | 18.7
Dodging        | 3 7 10 | 10.0
Shields        | 8 12 13 14 15 | 15.0
Stealth        | |  0.7

Action                   |  1- 3 |  4- 6 |  7- 9 | 10-12 | 13-15 | 16-18 | 19-21 || total
-------------------------+-------+-------+-------+-------+-------+-------+-------++-------
Melee: Short sword       |    95 |   203 |       |       |       |       |       ||   298
       Rapier            |       |     7 |       |       |       |       |       ||     7
       Whip              |       |       |   247 |   382 |    18 |       |       ||   647
       Battleaxe         |       |       |       |   287 |   568 |       |       ||   855
       Broad axe         |       |       |       |       |   323 |  1024 |  1229 ||  2576
 Fire: Hand crossbow     |     8 |    49 |   112 |    94 |    14 |       |       ||   277
Throw: Boomerang         |       |     6 |    14 |     3 |       |       |       ||    23
       Dart              |       |       |       |     5 |     4 |       |       ||     9
       Javelin           |       |       |       |       |     2 |       |       ||     2
Invok: Upheaval          |       |       |       |    12 |    30 |    25 |    17 ||    84
       Disaster Area     |       |       |       |       |       |     3 |       ||     3
Evoke: Wand              |       |       |     1 |     5 |    22 |       |       ||    28
       Phial of floods   |       |       |       |       |     1 |       |       ||     1
       Tin of tremorston |       |       |       |       |     2 |     2 |       ||     4
       Condenser vane    |       |       |       |       |     1 |     4 |       ||     5
  Use: Scroll            |       |     2 |     8 |    11 |    18 |     3 |     2 ||    44
       Potion            |       |       |     2 |     6 |     4 |     3 |     1 ||    16
 Stab: Invisible         |       |       |     1 |       |       |       |       ||     1
       Paralysed         |       |       |       |     2 |       |       |       ||     2
Armor: Leather armour    |    12 |       |       |       |       |       |       ||    12
       Ring mail         |    29 |   122 |   166 |   346 |   133 |       |       ||   796
       Skin              |       |       |       |    61 |       |       |       ||    61
       Plate armour      |       |       |       |       |   229 |   235 |   206 ||   670
       Chain mail        |       |       |       |       |       |       |    38 ||    38
Dodge: Dodged            |    60 |   159 |   156 |   357 |   220 |    40 |    91 ||  1083
       Repelled          |       |       |       |       |       |     2 |     3 ||     5
Block: Other             |       |       |       |    41 |    55 |       |       ||    96
       Kite shield       |       |       |       |       |   341 |  1440 |  1421 ||  3202

Table legend: (Time is in decaauts)
 A = Elapsed time spent in this place.
 B = Non-inter-level travel time spent in this place.
 C = Inter-level travel time spent in this place.
 D = Time resting spent in this place.
 E = Time spent auto-exploring this place.
 F = Levels seen in this place.
 G = Mean time per level.
                   A        B        C        D        E       F      G
               +--------+--------+--------+--------+--------+-----+--------+
         Total |  55543 |  52254 |   3289 |  15593 |  27343 |  37 | 1501.2 |
       Dungeon |  19862 |  18169 |   1693 |   4788 |   9177 |  14 | 1418.7 |
        Temple |    184 |    164 |     20 |      0 |    148 |   1 |  184.0 |
          Lair |  10188 |   9457 |    731 |   3565 |   4475 |   6 | 1698.0 |
        Shoals |   5398 |   5234 |    164 |   2037 |   2483 |   4 | 1349.5 |
     Snake Pit |   7488 |   7272 |    216 |   1926 |   4450 |   4 | 1872.0 |
  Orcish Mines |   3054 |   2878 |    176 |    961 |   1364 |   2 | 1527.0 |
   Elven Halls |   1126 |   1126 |      0 |    114 |    777 |   1 | 1126.0 |
        Vaults |   7935 |   7649 |    286 |   2100 |   4379 |   4 | 1983.8 |
         Sewer |    304 |    304 |      0 |    100 |     88 |   1 |  304.0 |
               +--------+--------+--------+--------+--------+-----+--------+

Top non-repeatable levels by time:
 Snake:3: 2799 daAuts
Vaults:2: 2600 daAuts
  Lair:6: 2386 daAuts
   Orc:2: 2275 daAuts
Shoals:3: 2177 daAuts
Vaults:1: 2084 daAuts
     D:8: 2079 daAuts
  Lair:4: 1896 daAuts
  Lair:5: 1867 daAuts
Vaults:4: 1781 daAuts
    D:14: 1775 daAuts
 Snake:4: 1740 daAuts
    D:12: 1681 daAuts
  Lair:3: 1619 daAuts
     D:6: 1571 daAuts
